 Dungeon Crawl Stone Soup version 0.30-a0-782-ge64f9170bb (webtiles) character file.

Game seed: 14375576017943412804

14 theswoord the Cudgeller (level 2, -1/24 HPs)
             Began as a Demonspawn Monk on Feb 18, 2023.
             Slain by a worm (6 damage)
             ... on level 2 of the Dungeon.
             The game lasted 00:01:15 (656 turns).

theswoord the Cudgeller (Demonspawn Monk)            Turns: 656, Time: 00:01:15

Health: -1/24      AC:  2    Str: 11    XL:     2   Next: 27%
Magic:  2/2        EV: 12    Int: 13    God:
Gold:   33         SH:  0    Dex: 15    Spells: 1/1 levels left

rFire   . . .      SeeInvis .    a - +0 mace
rCold   . . .      Faith    .    (no shield)
rNeg    . . .      Spirit   .    b - +0 robe
rPois   .          Reflect  .    (no helmet)
rElec   .          Harm     .    (no cloak)
rCorr   .          Rampage  .    (no gloves)
Will    .....                    (no boots)
Stlth   ++                       g - amulet of magic regeneration
HPRegen 0.24/turn                (no ring)
MPRegen 0.48/turn                (no ring)

@: no status effects
A: big brain 1
a: no special abilities


You were on level 2 of the Dungeon.
You visited 1 branch of the dungeon, and saw 2 of its levels.

You collected 33 gold pieces.

Inventory:

Hand Weapons
 a - a +0 mace (weapon)
Armour
 b - a +0 robe (worn)
Jewellery
 g - an amulet of magic regeneration (around neck)
Scrolls
 e - a scroll of enchant armour {unknown}
 f - a scroll of butterflies {unknown}
 i - a scroll of identify {unknown}
 j - a scroll of fear {unknown}
Potions
 c - a potion of ambrosia
 d - a potion of degeneration {unknown}
 h - a potion of curing {unknown}


   Skills:
 - Level 3.0 Fighting
 + Level 3.4 Maces & Flails
 - Level 2.6 Dodging
 - Level 1.7 Stealth


You had one spell level left.
You didn't know any spells.
Your spell library contained the following spells:

 Spells                   Type           Power      Damage    Failure   Level
 Ensorcelled Hibernation  Hex/Ice        0%         N/A       43%         2
 Gell's Gravitas          Tloc           0%         N/A       67%         3
 Spider Form              Tmut/Pois      0%         N/A       67%         3
 Teleport Other           Tloc           0%         N/A       67%         3
 Anguish                  Hex/Necr       0%         N/A       97%         4
 Dispersal                Tloc           0%         N/A       100%        6


Dungeon Overview and Level Annotations

Branches:
Dungeon (2/15)

Altars:


Innate Abilities, Weirdness & Mutations

You have an unusually large brain. (Int +2)


Message History

You pick up a There-And-Back Book and begin reading...
You add the spells Gell's Gravitas, Teleport Other and Dispersal to your library.
Done exploring.
Done exploring.
Done exploring.
No target in view!
(D) Dungeon
Where to? (Enter - D:1 @ (x,y), ? - help)
There is a stone staircase leading down here.
You climb downwards.
Found five items.
Found a stone staircase leading up.
There is a stone staircase leading up here.
There are monsters nearby!
There are monsters nearby!
You see here 7 stones.
You see here a scroll labelled KEAWIO COGIRGH.
The helpless goblin fails to defend itself.
You sock the goblin!
You kill the goblin!
No target in view!
No target in view!
j - a scroll labelled KEAWIO COGIRGH You see here 7 stones.
A worm is nearby!
A worm is nearby!
There is a stone staircase leading up here.
The worm bites you.
A worm is nearby!
You hit the worm. The worm bites you!
* * * LOW HITPOINT WARNING * * *
You barely miss the worm. The worm closely misses you.
You hit the worm. You hit the worm. The worm bites you!
* * * LOW HITPOINT WARNING * * *
You barely miss the worm. The worm barely misses you.
You barely miss the worm. You barely miss the worm. The worm misses you.
You sock the worm! The worm barely misses you.
You hit the worm. The worm bites you.
You die...

....### ......
###### ....#
......####...#
.......#.....# #
.....).#.....#.#
..[...w@.......#
......##<(....#
.....
#.###)....# ####
#..# ###....
....# ... #$.#.#
. #..<#.#
...#...# .##.
..(


You could see a worm.

Vanquished Creatures
  2 dart slugs (D:1)
  2 bats (D:1)
  A giant cockroach (D:1)
  2 goblins
  2 ball pythons (D:1)
  A kobold (D:1)
  A rat (D:1)
11 creatures vanquished.

Notes
Turn   | Place    | Note
-------+----------+-------------------------------------------
     0 | D:1      | theswoord the Demonspawn Monk began the quest for the Orb.
     0 | D:1      | Reached XP level 1. HP: 18/18 MP: 1/1
   469 | D:1      | Gained mutation: You have an unusually large brain. (Int
                  | +2) [demonic ancestry]
   469 | D:1      | Reached XP level 2. HP: 24/24 MP: 2/2
   656 | D:2      | Slain by a worm

Skill      XL: |  1 |
---------------+----+-----
Maces & Flails | 3 |  3.4
Fighting       | |  3.0
Dodging        | |  2.6
Stealth        | |  1.7

Action                     || total
---------------------------++-------
  Melee: Mace              ||    55
   Stab: Sleeping          ||     7
 Armour: Robe              ||     6
  Dodge: Dodged            ||    31

Levels and vault maps discovered:
D:1:      dpeg_arrival_round_b, layout_basic
D:2:      layout_rooms
